AoeStats
← COFFY

Arena

507254607Analyzed
4v4 RM · 14d ago on Sep 17, 2026· 20m 46s· 8 players
Game mode
Random Map
Map size
Large (8 player)
Population
200
Speed
Normal
Resources
Standard
Victory
Conquest
Starting age
Dark Age
Ending age
Imperial Age
RankedLock teamsTeams togetherTeam positionsShared explorationLock speedFull tech treeHidden civsTurbo modeCheats
Victory
Defeat
🇹🇼 Poles · Taiwan
1089
+15
🇨🇱 Britons · Chile
1088
+15
🇨🇱 Celts · Chile
1077
+15
🇳🇴 Romans · Norway
1034
+17
🇹🇼 Franks · Taiwan
1070
-16
🇨🇳 Huns · China
1067
-16
🇹🇼 Spanish · Taiwan
1058
-15
🇦🇺 Bohemians · Australia
1041
-15
Dr. Mantis Toboggan, MD
GG豪大
11:34 Feudal Age
14:07 Loom
16:25 Castle Age
15:16 Loom
16:01 Stone Mining
16:07 Double-Bit Axe
离岛
10:05 Feudal Age
16:01 Castle Age
14:51 Double-Bit Axe
17:47 Horse Collar
18:27 Stone Mining
世紀垃圾
PIGGI A MAND!!!
13:08 Feudal Age
13:45 Double-Bit Axe
18:11 Castle Age
17:42 Horse Collar
20:39 Loom
wtfckkk
bimurock
4:49 Loom
4:58 Loom
5:55 Loom
10:35 Feudal Age
11:52 Wheelbarrow
11:04 Double-Bit Axe
15:42 Castle Age
14:03 Horse Collar
14:54 Gold Mining
14:55 Stone Mining
16:44 Bow Saw
COFFY
Connection lost

Rejoining the realm…

Still unreachable

The connection could not be restored.

Session expired

The server has moved on; the page needs a fresh start.